 Dungeon Crawl Stone Soup version 0.29-a0-575-g0dc89cf053 (webtiles) character file.

Game seed: 12910474517054183626

2942 greasedhog the Changer (level 9, -4/111 HPs)
             Began as a Purple Draconian Transmuter on May 29, 2022.
             Was a Follower of Sif Muna.
             Killed from afar by a steam dragon (9 damage)
             ... with a ball of steam
             ... on level 7 of the Dungeon on June 12, 2022.
             The game lasted 00:23:14 (10616 turns).

greasedhog the Changer (DrTm)                      Turns: 10616, Time: 00:23:14

Health: -4/111     AC:  9    Str: 12    XL:     9   Next: 51%
Magic:  11/16      EV: 13    Int: 17    God:    Sif Muna [*.....]
Gold:   329        SH:  0    Dex: 13    Spells: 8/18 levels left

rFire   . . .      SeeInvis .     - Unarmed
rCold   . . .      Faith    .   (no shield)
rNeg    . . .      Spirit   .   (body armour unavailable)
rPois   +          Reflect  .   (helmet restricted)
rElec   .          Harm     .   t - +1 cloak
rCorr   .          Rampage  .   (no gloves)
Will    +....                   (no boots)
Stlth   ..........              (no amulet)
HPRegen 0.28/turn               i - ring of poison resistance
MPRegen 0.15/turn               (no ring)

@: berserking, flying, very quick
A: breathe power, AC +7, unfitting armour, cold-blooded
a: Breathe Dispelling Energy, Renounce Religion, Channel Magic


You were on level 7 of the Dungeon.
You worshipped Sif Muna.
Sif Muna was aware of your devotion.
You visited 2 branches of the dungeon, and saw 8 of its levels.

You collected 329 gold pieces.

Inventory:

Armour
 h - an orb of energy
 t - a +1 cloak (worn)
Jewellery
 i - a ring of poison resistance (left hand)
 s - a ring of fire
 y - a ring of fire
Wands
 m - a wand of flame (51)
 o - a wand of polymorph (1)
 u - a wand of acid (8)
 v - a wand of digging (3)
 w - a wand of iceblast (12)
Scrolls
 d - a scroll of silence
 f - a scroll of enchant armour
 g - a scroll of magic mapping {unknown}
 p - a scroll of vulnerability {unknown}
 q - a scroll of immolation {unknown}
 r - a scroll of fear {unknown}
Potions
 a - 3 potions of lignification
 b - 2 potions of ambrosia {unknown}
 c - a potion of berserk rage
 j - 2 potions of flight
 k - 3 potions of brilliance
 l - 2 potions of cancellation {unknown}
 n - a potion of might {unknown}
 x - 2 potions of invisibility {unknown}


   Skills:
 * Level 5.4 Fighting
 - Level 5.0 Dodging
 - Level 6.0 Unarmed Combat
 - Level 5.0 Spellcasting
 * Level 7.5 Transmutations
 - Level 2.1 Ice Magic
 - Level 1.0 Poison Magic
 + Level 3.2 Invocations
 + Level 3.1 Evocations


You had 8 spell levels left.
You knew the following spells:

 Your Spells              Type           Power      Damage    Failure   Level
a - Beastly Appendage     Tmut           58%        N/A       1%          1
b - Spider Form           Tmut/Pois      18%        N/A       8%          3
c - Ice Form              Ice/Tmut       20%        N/A       21%         4
d - Wereblood             Tmut           29%        N/A       1%          2

Your spell library contained the following spells:

 Spells                   Type           Power      Damage    Failure   Level
 Ozocubu's Armour         Ice            11%        N/A       19%         3
 Call Canine Familiar     Summ           4%         N/A       38%         3
 Portal Projectile        Hex/Tloc       8%         N/A       38%         3
 Leda's Liquefaction      Hex/Erth       2%         N/A       80%         4
 Metabolic Englaciation   Hex/Ice        3%         N/A       95%         5
 Simulacrum               Ice/Necr       3%         N/A       100%        6
 Chain Lightning          Conj/Air       2%         3d2       100%        9
 Fire Storm               Conj/Fire      2%         8d1       100%        9
 Shatter                  Erth           2%         3d6*      100%        9


Dungeon Overview and Level Annotations

Branches:
Dungeon (7/15)             Temple (1/1) D:4

Altars:
Ashenzari
Cheibriados
Dithmenos
Elyvilon
Fedhas
Gozag
Hepliaklqana
Kikubaaqudgha
Makhleb
Nemelex Xobeh
Okawaru
Qazlal
Ru
Sif Muna
Trog
Uskayaw
Vehumet
Wu Jian
Xom
Yredelemnul
Zin
The Shining One

Shops:
D:1 [


Innate Abilities, Weirdness & Mutations

You can breathe bolts of dispelling energy.
Your rich purple scales are hard. (AC +7)
You cannot fit into any form of body armour.
You are cold-blooded and may be slowed by cold attacks.


Message History

* * * LOW HITPOINT WARNING * * *
You are engulfed in a cloud of scalding steam.
* * * LOW HITPOINT WARNING * * *
You are engulfed in a cloud of scalding steam.
* * * LOW HITPOINT WARNING * * *
Your primal bloodlust is almost over.
You feel much better.
You hit the steam dragon.
The steam dragon is poisoned.
The steam dragon is lightly wounded.
The steam dragon breathes steam at you. The ball of steam hits you!!
* * * LOW HITPOINT WARNING * * *
Your transformation has ended.
Your +1 cloak unmelds from your body.
Okay, then.
Okay, then.
You are too injured to fight recklessly!
Aiming: Iceblast
Press: ? - help, Shift-Dir - straight line, f - steam dragon
Aim: a steam dragon (moderately wounded, very poisoned)
Okay, then.
It was a potion of flight.
You feel very buoyant.
You fly up into the air.
Your primal bloodlust has ended.
The steam dragon bites you.
* * * LOW HITPOINT WARNING * * *
The steam dragon claws you but does no damage.
It was a potion of berserk rage.
A red film seems to cover your vision as you go berserk!
You feel yourself moving faster!
You feel mighty! The steam dragon barely misses you.
The steam dragon claws you but does no damage.
You closely miss the steam dragon.
The steam dragon is moderately wounded.
You barely miss the steam dragon.
The steam dragon is moderately wounded.
The steam dragon breathes steam at you. The ball of steam hits you!
You die...

#.#..# #.#[##
#.#.###.###+##
#.......##...
###ยง######..#
#.#### #..#####.
#....###........
####D##)....#
#.@))....###.#
#####........#
##.####### #.#
#.# ####.###
#......#
#.##.#.#
####.##.#.#


You could see a steam dragon (very poisoned, catching breath).

Vanquished Creatures
  Maggie (D:6)
  Prince Ribbit (D:6)
  Grinder (D:4)
  Sigmund (D:3)
  Menkaure (D:6)
  An acid dragon (D:7)
  A water moccasin (D:7)
  2 sky beasts
  A black bear (D:7)
  2 centaurs
  A phantom (D:5)
  Blork the orc (D:5)
  3 bullfrogs (D:6)
  3 scorpions
  4 hounds
  6 jellies
  2 orc priests
  Crazy Yiuf (D:5)
  Ijyb (D:4)
  3 iguanas
  2 orc wizards
  The ghost of DocClef the Covert, a weakling GnDe (D:4)
  2 scorpion simulacra (D:4)
  An adder (D:3)
  A hound simulacrum (D:4)
  2 shadow imps
  2 white imps
  A howler monkey simulacrum (D:4)
  An ufetubus (D:6)
  3 worms
  2 dart slugs
  An adder simulacrum (D:4)
  20 orcs
  13 ball pythons
  7 endoplasms
  2 giant cockroaches
  13 hobgoblins
  6 jackals (D:1)
  4 quokkas
  6 bats
  6 frilled lizards
  7 goblins
  8 kobolds
  3 rats
151 creatures vanquished.

Notes
Turn   | Place    | Note
-------+----------+-------------------------------------------
     0 | D:1      | greasedhog the Draconian Transmuter began the quest for the
                  | Orb.
     0 | D:1      | Reached XP level 1. HP: 16/16 MP: 3/3
    77 | D:1      | Reached XP level 2. HP: 18/23 MP: 1/5
   553 | D:1      | Found Jytubeif's Antique Armour Boutique.
   812 | D:1      | Reached XP level 3. HP: 28/28 MP: 5/7
  1102 | D:1      | Reached skill level 3 in Transmutations
  1988 | D:2      | Found a faded altar of an unknown god.
  2343 | D:2      | Learned a level 3 spell: Spider Form
  2412 | D:3      | Reached XP level 4. HP: 34/35 MP: 6/8
  2604 | D:3      | Found a radiant altar of Vehumet.
  2605 | D:3      | Found a broken altar of Ashenzari.
  2608 | D:3      | Found an ancient bone altar of Kikubaaqudgha.
  2609 | D:3      | Found a blossoming altar of Fedhas.
  2672 | D:3      | Reached skill level 1 in Poison Magic
  2892 | D:3      | Learned a level 4 spell: Ice Form
  3413 | D:3      | Noticed Sigmund
  3670 | D:3      | Reached XP level 5. HP: 24/40 MP: 10/10
  3955 | D:3      | Killed Sigmund
  3956 | D:3      | Reached skill level 4 in Transmutations
  3956 | D:3      | Reached XP level 6. HP: 37/47 MP: 8/12
  4250 | D:3      | Upgraded the game from 0.29-a0-512-gf59ac788ac to
                  | 0.29-a0-575-g0dc89cf053
  4426 | D:4      | Found a staircase to the Ecumenical Temple.
  4437 | Temple   | Entered the Ecumenical Temple
  4726 | Temple   | Became a worshipper of Sif Muna the Loreminder
  4830 | D:4      | Noticed Grinder
  4846 | D:4      | Paralysed by Grinder for 5 turns
  4859 | D:4      | Killed Grinder
  4860 | D:4      | Reached skill level 5 in Transmutations
  4860 | D:4      | Your scales start taking on a rich purple colour.
  4860 | D:4      | Reached XP level 7. HP: 9/52 MP: 11/14
  5200 | D:4      | Noticed Ijyb
  5248 | D:4      | Killed Ijyb
  5249 | D:4      | Reached skill level 5 in Spellcasting
  5351 | D:4      | Learned a level 2 spell: Wereblood
  5356 | D:4      | Found a runed translucent gate.
  5356 | D:4      | Found a runed translucent gate.
  5356 | D:4      | Found a runed translucent gate.
  5752 | D:4      | Noticed DocClef's ghost (weakling GnDe)
  6017 | D:4      | Killed DocClef's ghost
  6242 | D:5      | Entered Level 5 of the Dungeon
  6583 | D:5      | Reached * piety under Sif Muna
  7121 | D:5      | Found a runed translucent door.
  7122 | D:5      | Noticed Crazy Yiuf
  7243 | D:5      | Killed Crazy Yiuf
  7244 | D:5      | Reached XP level 8. HP: 27/61 MP: 6/15
  7546 | D:5      | Noticed Blork the orc
  7562 | D:5      | Killed Blork the orc
  7756 | D:5      | Reached skill level 5 in Unarmed Combat
  7756 | D:5      | Reached skill level 6 in Transmutations
  8076 | D:6      | Noticed Menkaure
  8088 | D:6      | Killed Menkaure
  8153 | D:6      | Noticed Prince Ribbit
  8173 | D:6      | Killed Prince Ribbit
  8174 | D:6      | Reached skill level 1 in Invocations
  8174 | D:6      | Reached skill level 1 in Evocations
  8447 | D:6      | Noticed Maggie
  8474 | D:6      | Killed Maggie
  9069 | D:6      | Reached XP level 9. HP: 61/71 MP: 12/16
  9547 | D:6      | Reached skill level 5 in Dodging
  9962 | D:7      | Reached skill level 7 in Transmutations
 10549 | D:7      | Reached skill level 5 in Fighting
 10613 | D:7      | HP: 2/74 [steam dragon (3)]
 10616 | D:7      | Killed from afar by a steam dragon

Illustrated notes

Levels and vault maps discovered:
D:1:      lemuel_arrival_behind_the_door_small, layout_basic, serial_shops,
          nicolae_shop_crystal
D:2:      layout_loops_ring, hellmonk_ecumenical_altar_heavens_door,
          grunt_ministairs_5, kennysheep_generic_room_9
D:3:      layout_basic, minitemple, minmay_unequal, uniq_sigmund
D:4:      layout_loops_ring, temple_hall, gammafunk_ghost_icy,
          minmay_misc_feat_more_columns, minmay_fountain_box, uniq_grinder,
          uniq_ijyb
D:5:      layout_gridville, uniq_crazy_yiuf_cottage, uniq_blork_the_orc
D:6:      layout_gridville, uniq_prince_ribbit1, uniq_menkaure, uniq_maggie
D:7:      layout_loops_corners, serial_bayou_pond_d, uniq_joseph, uniq_duvessa
Temple:   dpeg_five_rooms_temple

Skill      XL: |  1  2  3  4  5  6  7  8  9 |
---------------+----------------------------+-----
Transmutations | 3 4 5 6 7 |  7.5
Spellcasting   | 3 4 5 |  5.0
Poison Magic   | 1 |  1.0
Ice Magic      | 2 |  2.1
Dodging        | 2 3 4 5 |  5.0
Unarmed Combat | 4 5 6 |  6.0
Fighting       | 4 5 |  5.4
Invocations    | 2 3 |  3.2
Evocations     | 2 3 |  3.1

Action                   |  1- 3 |  4- 6 |  7- 9 || total
-------------------------+-------+-------+-------++-------
Melee: Unarmed           |   127 |   112 |   291 ||   530
       Kick              |    19 |    15 |     9 ||    43
       Headbutt          |    14 |    20 |     3 ||    37
       Tailslap          |     3 |    13 |     5 ||    21
       Punch             |       |     2 |       ||     2
 Cast: Beastly Appendage |    36 |    21 |     6 ||    63
       Spider Form       |       |     2 |    32 ||    34
       Wereblood         |       |       |    11 ||    11
       Ice Form          |       |       |     4 ||     4
Evoke: Wand              |       |       |     2 ||     2
  Use: Scroll            |     3 |     4 |       ||     7
       Potion            |       |       |     3 ||     3
 Stab: Sleeping          |     1 |       |     2 ||     3
Armor: Skin              |    40 |    19 |    30 ||    89
Dodge: Dodged            |    75 |    64 |   213 ||   352

Table legend: (Time is in decaauts)
 A = Elapsed time spent in this place.
 B = Non-inter-level travel time spent in this place.
 C = Inter-level travel time spent in this place.
 D = Time resting spent in this place.
 E = Time spent auto-exploring this place.
 F = Levels seen in this place.
 G = Mean time per level.
                   A        B        C        D        E       F      G
               +--------+--------+--------+--------+--------+-----+--------+
         Total |  10571 |  10091 |    480 |    912 |   7701 |   8 | 1321.4 |
       Dungeon |  10215 |   9829 |    386 |    912 |   7453 |   7 | 1459.3 |
        Temple |    355 |    261 |     94 |      0 |    248 |   1 |  355.0 |
               +--------+--------+--------+--------+--------+-----+--------+

Top non-repeatable levels by time:
     D:5: 2004 daAuts
     D:3: 1939 daAuts
     D:6: 1656 daAuts
     D:1: 1600 daAuts
     D:4: 1554 daAuts
     D:2: 768 daAuts
     D:7: 692 daAuts
  Temple: 355 daAuts
